PAAA
BAKERSFIELD NOBLES @ ALLOWAY HALBERDS
07/31/2017
 
TOP OF THE 1ST
Tremont Doubledays batting - Pitching for Bay City Bombers : RHP Jim Unknown
Pitching: RHP Jim Unknown
Batting: LHB Jarred Smith 0-0: Ball
1-0: Swinging Strike
1-1: Bunt missed!
1-2: Foul Ball, location: 2F
1-2: Ground out 5-3 (Groundball, 5)
Batting: RHB Marc Pratt 0-0: Called Strike
0-1: Ball
1-1: Ball
2-1: Foul Ball, location: 2F
2-2: Foul Ball, location: 2F
2-2: SINGLE (Flyball, 6MD) - OUT at second base trying to stretch hit.
Batting: RHB Juan Torres 0-0: Ball
1-0: Called Strike
1-1: Ball
2-1: Ball
3-1: Base on Balls
Batting: RHB Lawrence Bell 0-0: Ball
1-0: SINGLE (Line Drive, 5D)
Juan Torres to second
Batting: SHB Ludovico Bluemel 0-0: Foul Ball, location: 2F
0-1: Called Strike
0-2: Strikes out swinging
Top of the 1st over - 0 run(s), 2 hit(s), 0 error(s), 2 left on base; Tremont 0 - Bay City 0
BOTTOM OF THE 1ST
Bay City Bombers batting - Pitching for Tremont Doubledays : LHP Ken Bane
Pitching: LHP Ken Bane
Batting: LHB Jim Unknown 0-0: Swinging Strike
0-1: Foul Ball, location: 2F
0-2: DOUBLE (Line Drive, 78D)
Batting: LHB Mito Rin 0-0: Ball
1-0: Ball
2-0: Ball
3-0: Base on Balls
Batting: RHB Adam Hennessey 0-0: Ball
1-0: Foul Ball, location: 2F
1-1: Ball
2-1: 3-RUN HOME RUN (Line Drive, 78XD), Distance : 433 ft
Batting: LHB Jim Unknown 0-0: Called Strike
0-1: Fly out, F7 (Flyball, 78S)
Batting: RHB Jim Unknown 0-0: Ball
1-0: DOUBLE (Line Drive, 7LM)
Batting: LHB Neil Lawson 0-0: Foul Ball, location: 2F
0-1: Ball
1-1: Swinging Strike
1-2: Ball
2-2: Strikes out looking
Batting: SHB Jim Unknown 0-0: SINGLE (Flyball, 8RS)
Jim Unknown to third
Runner from 3rd tries for Home, SAFE, no throw or cutoff
Batting: RHB Aaron Phillips 0-0: Ball
1-0: Foul Ball, location: 2F
1-1: Fly out, F9 (Flyball, 9LS)
Bottom of the 1st over - 4 run(s), 4 hit(s), 0 error(s), 1 left on base; Tremont 0 - Bay City 4
TOP OF THE 2ND
Tremont Doubledays batting - Pitching for Bay City Bombers : RHP Jim Unknown
Batting: RHB Floyd Banks 0-0: Fly out, F9 (Line Drive, 89M)
Batting: RHB Manny Rodríguez 0-0: Ball
1-0: Ball
2-0: Foul Ball, location: 2F
2-1: Ball
3-1: Called Strike
3-2: Reached on error, E5 (Groundball, 5S)
Batting: RHB Alfredo González 0-0: Ball
1-0: Ball
2-0: Ground out 2-3 (Groundball, 2L)
Manny Rodríguez to third
Batting: RHB Sean Young 0-0: Called Strike
0-1: Foul Ball, location: 2F
0-2: Ground out 3-1 (Groundball, 34)
Top of the 2nd over - 0 run(s), 0 hit(s), 1 error(s), 1 left on base; Tremont 0 - Bay City 4
BOTTOM OF THE 2ND
Bay City Bombers batting - Pitching for Tremont Doubledays : LHP Ken Bane
Batting: RHB Jim Unknown 0-0: Ball
1-0: SINGLE (Groundball, 25) (infield hit)
Batting: LHB Jim Unknown 0-0: Called Strike
0-1: Called Strike
0-2: Ball
1-2: SINGLE (Line Drive, 8LS)
Jim Unknown to second
Batting: LHB Mito Rin 0-0: Grounds into double play, 6-4-3 (Groundball, 6)
Jim Unknown to third
Batting: RHB Adam Hennessey 0-0: Ball
1-0: Ball
2-0: Swinging Strike
2-1: Foul Ball, location: 2F
2-2: Strikes out looking
Bottom of the 2nd over - 0 run(s), 2 hit(s), 0 error(s), 1 left on base; Tremont 0 - Bay City 4
TOP OF THE 3RD
Tremont Doubledays batting - Pitching for Bay City Bombers : RHP Jim Unknown
Batting: LHB Jarred Smith 0-0: Ball
1-0: Ball
2-0: Called Strike
2-1: Swinging Strike
2-2: Ball
3-2: Strikes out looking
Batting: RHB Marc Pratt 0-0: Foul Ball, location: 2F
0-1: Ball
1-1: Swinging Strike
1-2: Strikes out swinging
Batting: RHB Juan Torres 0-0: DOUBLE (Flyball, 78D)
Batting: RHB Lawrence Bell 0-0: Called Strike
0-1: Swinging Strike
0-2: Ball
1-2: Foul Ball, location: 2F
1-2: Foul Ball, location: 2F
1-2: Ball
2-2: Strikes out swinging
Top of the 3rd over - 0 run(s), 1 hit(s), 0 error(s), 1 left on base; Tremont 0 - Bay City 4
BOTTOM OF THE 3RD
Bay City Bombers batting - Pitching for Tremont Doubledays : LHP Ken Bane
Batting: LHB Jim Unknown 0-0: Ball
1-0: Ball
2-0: Ball
3-0: Called Strike
3-1: Foul Ball, location: 2F
3-2: Foul Ball, location: 2F
3-2: Base on Balls
Batting: RHB Jim Unknown 0-0: Swinging Strike
0-1: Ball
1-1: Fly out, F7 (Line Drive, 7M)
Batting: LHB Neil Lawson 0-0: Ball
1-0: Called Strike
1-1: Called Strike
1-2: Fly out, F6 (Popup, 6MD)
Batting: SHB Jim Unknown 0-0: Called Strike
0-1: Ball
1-1: Foul Ball, location: 2F
1-2: Ball
2-2: Ball
3-2: Base on Balls
Jim Unknown to second
Batting: RHB Aaron Phillips 0-0: Swinging Strike
0-1: Ball
1-1: Foul Ball, location: 2F
1-2: Fly out, F9 (Flyball, 89D)
Bottom of the 3rd over - 0 run(s), 0 hit(s), 0 error(s), 2 left on base; Tremont 0 - Bay City 4
TOP OF THE 4TH
Tremont Doubledays batting - Pitching for Bay City Bombers : RHP Jim Unknown
Batting: SHB Ludovico Bluemel 0-0: Ball
1-0: Foul Ball, location: 2F
1-1: Ground out U3 (Groundball, 3L)
Batting: RHB Floyd Banks 0-0: Swinging Strike
0-1: Ball
1-1: Called Strike
1-2: Strikes out swinging
Batting: RHB Manny Rodríguez 0-0: Ball
1-0: Ball
2-0: Called Strike
2-1: Called Strike
2-2: Strikes out swinging
Top of the 4th over - 0 run(s), 0 hit(s), 0 error(s), 0 left on base; Tremont 0 - Bay City 4
BOTTOM OF THE 4TH
Bay City Bombers batting - Pitching for Tremont Doubledays : LHP Ken Bane
Batting: RHB Jim Unknown 0-0: Ball
1-0: Called Strike
1-1: Ball
2-1: Ball
3-1: Ground out 6-3 (Groundball, 6MS)
Batting: LHB Jim Unknown 0-0: Ball
1-0: Ball
2-0: Foul Ball, location: 2F
2-1: Foul Ball, location: 2F
2-2: Fly out, F8 (Line Drive, 8RXD)
Batting: LHB Mito Rin 0-0: Ball
1-0: Called Strike
1-1: Ball
2-1: Ball
3-1: Swinging Strike
3-2: Base on Balls
Batting: RHB Adam Hennessey 0-0: Called Strike
0-1: Ball
1-1: Foul Ball, location: 2F
1-2: Strikes out looking
Bottom of the 4th over - 0 run(s), 0 hit(s), 0 error(s), 1 left on base; Tremont 0 - Bay City 4
TOP OF THE 5TH
Tremont Doubledays batting - Pitching for Bay City Bombers : RHP Jim Unknown
Batting: RHB Alfredo González 0-0: Called Strike
0-1: Ball
1-1: Ball
2-1: Foul Ball, location: 2F
2-2: Strikes out looking
Batting: RHB Sean Young 0-0: Fly out, F6 (Line Drive, 6)
Batting: LHB Jarred Smith 0-0: Called Strike
0-1: Foul Ball, location: 2F
0-2: Ground out U3 (Groundball, 3S)
Top of the 5th over - 0 run(s), 0 hit(s), 0 error(s), 0 left on base; Tremont 0 - Bay City 4
BOTTOM OF THE 5TH
Bay City Bombers batting - Pitching for Tremont Doubledays : LHP Ken Bane
Batting: LHB Jim Unknown 0-0: Ball
1-0: SINGLE (Groundball, 4MD)
Batting: RHB Jim Unknown 0-0: Called Strike
0-1: SINGLE (Line Drive, 8RS)
Jim Unknown to second
Batting: LHB Neil Lawson 0-0: Ball
1-0: Foul Ball, location: 2F
1-1: 3-RUN HOME RUN (Line Drive, 9D), Distance : 384 ft
Pitching: RHP Robert Preston
Batting: SHB Jim Unknown 0-0: Ball
1-0: Called Strike
1-1: Ball
2-1: Ball
3-1: Called Strike
3-2: Base on Balls
Batting: RHB Aaron Phillips 0-0: Ball
1-0: Ball
2-0: Foul Ball, location: 2F
2-1: Ball
3-1: Called Strike
3-2: Foul Ball, location: 2F
3-2: Strikes out looking
Batting: RHB Jim Unknown 0-0: Called Strike
0-1: Foul Ball, location: 2F
0-2: SINGLE (Line Drive, 89S)
Jim Unknown to second
Batting: LHB Jim Unknown 0-0: Called Strike
0-1: Swinging Strike
0-2: Ball
1-2: Ball
2-2: Foul Ball, location: 2F
2-2: Strikes out swinging
Batting: LHB Mito Rin 0-0: Ball
1-0: Ball
2-0: Called Strike
2-1: Fielders Choice at 2nd, U4 (Groundball, 4M)
Bottom of the 5th over - 3 run(s), 4 hit(s), 0 error(s), 2 left on base; Tremont 0 - Bay City 7
TOP OF THE 6TH
Tremont Doubledays batting - Pitching for Bay City Bombers : RHP Jim Unknown
Batting: RHB Marc Pratt 0-0: Called Strike
0-1: Foul Ball, location: 2F
0-2: Ball
1-2: Foul Ball, location: 2F
1-2: Ball
2-2: Ball
3-2: SINGLE (Groundball, 4M) (infield hit)
Batting: RHB Juan Torres 0-0: Ball
1-0: Ball
2-0: Swinging Strike
2-1: Foul Ball, location: 2F
2-2: SINGLE (Groundball, 6MD)
Marc Pratt to second
Runner from 2nd tries for 3rd, SAFE, no throw or cutoff
Batting: RHB Lawrence Bell 0-0: Called Strike
0-1: Ball
1-1: Foul Ball, location: 2F
1-2: Strikes out swinging
Batting: SHB Ludovico Bluemel 0-0: Ball
1-0: Called Strike
1-1: SINGLE (Line Drive, 6D)
Marc Pratt scores
Juan Torres to second
Batting: RHB Floyd Banks 0-0: Called Strike
0-1: Fly out, F5 (Line Drive, 5S)
Batting: RHB Manny Rodríguez 0-0: Ball
1-0: SINGLE (Groundball, 4MD)
Juan Torres to third
Ludovico Bluemel to second
Runner from 3rd tries for Home, SAFE, no throw or cutoff
Batting: RHB Alfredo González 0-0: Foul Ball, location: 2F
0-1: Foul Ball, location: 2F
0-2: Strikes out swinging
Top of the 6th over - 2 run(s), 4 hit(s), 0 error(s), 2 left on base; Tremont 2 - Bay City 7
BOTTOM OF THE 6TH
Bay City Bombers batting - Pitching for Tremont Doubledays : RHP Robert Preston
Batting: RHB Adam Hennessey 0-0: Ball
1-0: Swinging Strike
1-1: Foul Ball, location: 2F
1-2: Strikes out looking
Batting: LHB Jim Unknown 0-0: Ground out 6-3 (Groundball, 6)
Batting: RHB Jim Unknown 0-0: Ball
1-0: Ball
2-0: SOLO HOME RUN (Flyball, 7D), Distance : 389 ft
Batting: LHB Neil Lawson 0-0: Ball
1-0: Ground out 4-3 (Groundball, 4)
Bottom of the 6th over - 1 run(s), 1 hit(s), 0 error(s), 0 left on base; Tremont 2 - Bay City 8
TOP OF THE 7TH
Tremont Doubledays batting - Pitching for Bay City Bombers : RHP Jim Unknown
Batting: RHB Sean Young 0-0: Swinging Strike
0-1: Ball
1-1: Ball
2-1: Ball
3-1: SINGLE (Line Drive, 8LS)
Pitching: RHP Wallace Elgie
Batting: LHB Jarred Smith 0-0: Called Strike
0-1: Swinging Strike
0-2: Fly out, F8 (Flyball, 8RM)
Batting: RHB Marc Pratt 0-0: Ball
1-0: Ball
2-0: Swinging Strike
2-1: Fly out, F3 (Popup, 3DF)
Batting: RHB Juan Torres 0-0: Ball
1-0: Ball
2-0: Foul Ball, location: 2F
2-1: Ground out 4-3 (Groundball, 34)
Top of the 7th over - 0 run(s), 1 hit(s), 0 error(s), 1 left on base; Tremont 2 - Bay City 8
BOTTOM OF THE 7TH
Bay City Bombers batting - Pitching for Tremont Doubledays : RHP Robert Preston
Pitching: RHP Sergio Rentería
Batting: SHB Jim Unknown 0-0: Foul Ball, location: 2F
0-1: Called Strike
0-2: Ball
1-2: Ball
2-2: Foul Ball, location: 2F
2-2: Ball
3-2: Ground out 4-3 (Groundball, 4)
Batting: RHB Aaron Phillips 0-0: Foul Ball, location: 2F
0-1: Called Strike
0-2: Foul Ball, location: 2F
0-2: Ball
1-2: TRIPLE (Line Drive, 9LS)
Batting: RHB Jim Unknown 0-0: Ball
1-0: Called Strike
1-1: Called Strike
1-2: Strikes out looking
Batting: LHB Jim Unknown 0-0: Ball
1-0: Ball
2-0: Ball
3-0: Called Strike
3-1: Base on Balls
Batting: LHB Mito Rin 0-0: Called Strike
0-1: Ground out 4-3 (Groundball, 4)
Bottom of the 7th over - 0 run(s), 1 hit(s), 0 error(s), 2 left on base; Tremont 2 - Bay City 8
TOP OF THE 8TH
Tremont Doubledays batting - Pitching for Bay City Bombers : RHP Wallace Elgie
Batting: RHB Lawrence Bell 0-0: Ball
1-0: Called Strike
1-1: Called Strike
1-2: Ball
2-2: Ball
3-2: Base on Balls
Batting: SHB Ludovico Bluemel 0-0: Called Strike
0-1: Fly out, F6 (Popup, 6MD)
Batting: RHB Floyd Banks 0-0: DOUBLE (Line Drive, 89D)
Lawrence Bell to third
Runner from 3rd tries for Home, throw and OUT!
Floyd Banks to third
Batting: RHB Manny Rodríguez 0-0: Foul Ball, location: 2F
0-1: SINGLE (Line Drive, 6MD)
Floyd Banks scores
Batting: RHB Alfredo González 0-0: Foul Ball, location: 2F
0-1: Foul Ball, location: 2F
0-2: Ball
1-2: Foul Ball, location: 2F
1-2: Ball
2-2: Strikes out looking
Top of the 8th over - 1 run(s), 2 hit(s), 0 error(s), 1 left on base; Tremont 3 - Bay City 8
BOTTOM OF THE 8TH
Bay City Bombers batting - Pitching for Tremont Doubledays : RHP Sergio Rentería
Batting: RHB Adam Hennessey 0-0: Ball
1-0: Ball
2-0: Fly out, F8 (Flyball, 8RM)
Batting: LHB Jim Unknown 0-0: Ball
1-0: Ball
2-0: Ball
3-0: Base on Balls
Batting: RHB Jim Unknown 0-0: Ball
1-0: Ball
2-0: Ball
3-0: Base on Balls
Jim Unknown to second
Batting: LHB Neil Lawson 0-0: Ball
1-0: 3-RUN HOME RUN (Flyball, 9D), Distance : 372 ft
Batting: SHB Jim Unknown 0-0: Ball
1-0: Foul Ball, location: 2F
1-1: Swinging Strike
1-2: Ball
2-2: Strikes out swinging
Batting: RHB Aaron Phillips 0-0: Fly out, F3 (Popup, 3)
Bottom of the 8th over - 3 run(s), 1 hit(s), 0 error(s), 0 left on base; Tremont 3 - Bay City 11
TOP OF THE 9TH
Tremont Doubledays batting - Pitching for Bay City Bombers : RHP Wallace Elgie
Batting: RHB Sean Young 0-0: Called Strike
0-1: Fly out, F8 (Flyball, 8RM)
Batting: LHB Jarred Smith 0-0: Called Strike
0-1: Fly out, F7 (Flyball, 7D)
Batting: RHB Marc Pratt 0-0: Ball
1-0: Called Strike
1-1: Swinging Strike
1-2: Strikes out swinging
Top of the 9th over - 0 run(s), 0 hit(s), 0 error(s), 0 left on base; Tremont 3 - Bay City 11
This league is powered by Out of the Park Baseball, the baseball management simulation game for PC, Mac and Linux
Saturday, February 27th, 2021 - OOTP Baseball 15.6 Build 34